2724 views
Uploaded 2020-03-13 20:17:24
Game version 1.32.2
32:21 long 3on3 ladder game on (6)StranglethornVale
Saved by BEARAND
2724 views
Uploaded 2020-03-13 20:17:24
Game version 1.32.2
32:21 long 3on3 ladder game on (6)StranglethornVale


99 units @ 10.8k
/ 1.6k
246 buildings @ 19.4k
/ 7.9k

| Moonstone | 1 | 50 |
| Orb of Venom | 1 | 325 |
| Boots of Speed | 1 | 250 |
| Staff of Teleportation | 1 | 150 |
| Scroll of Regeneration | 1 | 100 |
| total: | 5 | 875g |
| Wisp | 35 | 2100 | / | 0 |
| Goblin Zeppelin | 2 | 480 | / | 120 |
| total: | 37 | 2580g | / | 120w |
| Altar of Elders | 1 | 180 | / | 50 |
| Moon Well | 36 | 6480 | / | 1440 |
| Ancient of Wonders | 3 | 270 | / | 90 |
| Hunter's Hall | 1 | 210 | / | 100 |
| Tree of Life | 4 | 1360 | / | 740 |
| Ancient of War | 14 | 2100 | / | 840 |
| Tree of Ages | 1 | 320 | / | 180 |
| Tree of Eternity | 1 | 330 | / | 200 |
| total: | 59 | 10600g | / | 3260w |
| 0:01 | Wisp |
| 0:03 | Altar of Elders |
| 0:08 | Wisp |
| 0:16 | Moon Well |
| 0:16 | Wisp |
| 0:28 | Wisp |
| 0:38 | Wisp |
| 1:11 | Wisp |
| 1:12 | Wisp |
| 1:23 | Wisp |
| 1:37 | Wisp |
| 1:45 | Wisp |
| 1:52 | Wisp |
| 1:55 | Moon Well |
| 1:59 | Wisp |
| 2:05 | Shadow Strike |
| 2:24 | Wisp |
| 3:02 | Moon Well |
| 3:06 | Wisp |
| 3:25 | Wisp |
| 3:47 | Moon Well |
| 3:48 | Wisp |
| 4:05 | Wisp |
| 4:20 | Moon Well |
| 4:28 | Wisp |
| 4:45 | Boots of Speed |
| 5:14 | Tree of Ages |
| 5:20 | Blink |
| 5:55 | Moon Well |
| 6:52 | Moon Well |
| 7:03 | Staff of Teleportation |
| 7:29 | Moon Well |
| 7:34 | Moon Well |
| 7:58 | Moon Well |
| 8:04 | Wisp |
| 8:12 | Scroll of Regeneration |
| 8:46 | Tree of Eternity |
| 8:59 | Ancient of Wonders |
| 9:53 | Moon Well |
| 10:05 | Hunter's Hall |
| 11:16 | Well Spring |
| 11:17 | Nature's Blessing |
| 11:20 | Tree of Life |
| 11:25 | Moonstone |
| 11:37 | Orb of Venom |
| 11:55 | Moon Well |
| 12:02 | Ultravision |
| 12:09 | Ancient of Wonders |
| 12:21 | Ancient of Wonders |
| 12:27 | Wisp |
| 12:30 | Wisp |
| 12:48 | Wisp |
| 13:09 | Tree of Life |
| 13:15 | Wisp |
| 13:20 | Wisp |
| 14:03 | Wisp |
| 14:03 | Wisp |
| 14:05 | Wisp |
| 14:05 | Wisp |
| 14:05 | Wisp |
| 14:17 | Goblin Zeppelin |
| 14:41 | Wisp |
| 14:51 | Wisp |
| 14:59 | Moon Well |
| 15:08 | Moon Well |
| 15:41 | Moon Well |
| 15:52 | Moon Well |
| 16:04 | Goblin Zeppelin |
| 17:07 | Moon Well |
| 17:08 | Moon Well |
| 17:09 | Moon Well |
| 17:10 | Moon Well |
| 17:35 | Shadow Strike |
| 19:33 | Moon Well |
| 19:34 | Moon Well |
| 19:37 | Moon Well |
| 19:40 | Wisp |
| 20:08 | Moon Well |
| 20:31 | Moon Well |
| 20:32 | Moon Well |
| 21:07 | Tree of Life |
| 21:51 | Ancient of War |
| 21:57 | Ancient of War |
| 21:59 | Ancient of War |
| 22:03 | Ancient of War |
| 22:30 | Moon Well |
| 22:31 | Moon Well |
| 22:33 | Moon Well |
| 23:00 | Ancient of War |
| 23:09 | Tree of Life |
| 23:41 | Wisp |
| 23:41 | Wisp |
| 23:42 | Wisp |
| 23:45 | Ancient of War |
| 23:50 | Ancient of War |
| 24:01 | Ancient of War |
| 24:07 | Ancient of War |
| 24:19 | Ancient of War |
| 24:31 | Ancient of War |
| 24:33 | Ancient of War |
| 24:37 | Ancient of War |
| 24:50 | Ancient of War |
| 26:15 | Moon Well |
| 26:17 | Moon Well |
| 27:17 | Moon Well |
| 28:52 | Moon Well |
| 28:53 | Moon Well |
| 30:36 | Moon Well |
| 31:42 | Moon Well |
| Right click | 2030 |
| Assign group | 577 |
| Chat | 403 |
| Select group | 310 |
| Select | 304 |
| Resource trade | 125 |
| Use ability | 97 |
| Build/train/purchase | 77 |
| Item give/drop | 5 |
| Misc. action | 3 |
| Minimap ping | 1 |

| Staff of Teleportation | 1 | 150 |
| Boots of Speed | 1 | 250 |
| Periapt of Vitality | 1 | 325 |
| total: | 3 | 725g |
| Peasant | 30 | 2250 | / | 0 |
| Goblin Zeppelin | 3 | 720 | / | 180 |
| Goblin Shredder | 7 | 2625 | / | 700 |
| Goblin Sapper | 6 | 1290 | / | 600 |
| total: | 46 | 6885g | / | 1480w |
| Scout Tower | 105 | 3150 | / | 2100 |
| Guard Tower | 51 | 3570 | / | 2550 |
| Arcane Tower | 1 | 70 | / | 50 |
| Altar of Kings | 1 | 180 | / | 50 |
| Farm | 10 | 800 | / | 200 |
| Lumber Mill | 1 | 120 | / | 0 |
| Arcane Vault | 5 | 650 | / | 150 |
| Town Hall | 2 | 770 | / | 410 |
| Arcane Sanctum | 1 | 150 | / | 140 |
| Keep | 1 | 320 | / | 210 |
| Castle | 1 | 360 | / | 210 |
| total: | 125 | 5820g | / | 3050w |
| 0:01 | Peasant |
| 0:03 | Altar of Kings |
| 0:10 | Peasant |
| 0:17 | Farm |
| 0:19 | Peasant |
| 0:33 | Lumber Mill |
| 0:36 | Peasant |
| 0:52 | Peasant |
| 1:04 | Peasant |
| 1:06 | Scout Tower |
| 1:13 | Peasant |
| 1:17 | Farm |
| 1:32 | Scout Tower |
| 1:34 | Guard Tower |
| 1:37 | Peasant |
| 1:50 | Scout Tower |
| 1:53 | Scout Tower |
| 1:53 | Peasant |
| 2:01 | Scout Tower |
| 2:02 | Guard Tower |
| 2:05 | Scout Tower |
| 2:10 | Peasant |
| 2:16 | Scout Tower |
| 2:17 | Scout Tower |
| 2:17 | Guard Tower |
| 2:21 | Arcane Tower |
| 2:29 | Blizzard |
| 3:07 | Guard Tower |
| 3:09 | Guard Tower |
| 3:11 | Scout Tower |
| 3:11 | Scout Tower |
| 3:14 | Scout Tower |
| 3:14 | Scout Tower |
| 3:14 | Scout Tower |
| 3:18 | Scout Tower |
| 3:26 | Peasant |
| 3:26 | Peasant |
| 3:27 | Improved Masonry |
| 3:30 | Scout Tower |
| 3:30 | Scout Tower |
| 3:32 | Peasant |
| 3:40 | Staff of Teleportation |
| 3:41 | Boots of Speed |
| 3:43 | Periapt of Vitality |
| 3:48 | Guard Tower |
| 4:20 | Guard Tower |
| 4:21 | Guard Tower |
| 4:23 | Scout Tower |
| 4:23 | Scout Tower |
| 4:33 | Arcane Vault |
| 4:53 | Guard Tower |
| 4:55 | Scout Tower |
| 4:55 | Scout Tower |
| 5:25 | Guard Tower |
| 5:27 | Scout Tower |
| 5:27 | Scout Tower |
| 5:35 | Scout Tower |
| 5:36 | Scout Tower |
| 5:37 | Scout Tower |
| 5:55 | Guard Tower |
| 5:56 | Scout Tower |
| 5:57 | Scout Tower |
| 5:59 | Scout Tower |
| 6:00 | Scout Tower |
| 6:01 | Scout Tower |
| 6:01 | Scout Tower |
| 6:02 | Scout Tower |
| 6:03 | Guard Tower |
| 6:08 | Scout Tower |
| 6:11 | Scout Tower |
| 6:35 | Guard Tower |
| 6:37 | Guard Tower |
| 6:38 | Guard Tower |
| 6:38 | Guard Tower |
| 6:43 | Guard Tower |
| 6:50 | Scout Tower |
| 7:08 | Brilliance Aura |
| 7:26 | Guard Tower |
| 7:31 | Town Hall |
| 7:54 | Guard Tower |
| 8:05 | Scout Tower |
| 8:05 | Scout Tower |
| 8:05 | Scout Tower |
| 8:06 | Scout Tower |
| 8:09 | Peasant |
| 8:09 | Peasant |
| 8:41 | Peasant |
| 8:43 | Peasant |
| 8:59 | Guard Tower |
| 9:00 | Guard Tower |
| 9:11 | Scout Tower |
| 9:14 | Peasant |
| 9:14 | Peasant |
| 9:30 | Keep |
| 9:49 | Blizzard |
| 9:58 | Guard Tower |
| 10:37 | Arcane Vault |
| 10:41 | Arcane Vault |
| 10:45 | Peasant |
| 10:46 | Peasant |
| 10:56 | Scout Tower |
| 10:56 | Scout Tower |
| 11:18 | Scout Tower |
| 11:20 | Peasant |
| 11:20 | Peasant |
| 11:27 | Scout Tower |
| 11:39 | Peasant |
| 11:42 | Scout Tower |
| 11:50 | Advanced Masonry |
| 11:51 | Castle |
| 11:53 | Guard Tower |
| 11:55 | Scout Tower |
| 12:09 | Guard Tower |
| 12:10 | Scout Tower |
| 12:11 | Scout Tower |
| 12:11 | Scout Tower |
| 12:13 | Goblin Zeppelin |
| 12:28 | Guard Tower |
| 12:48 | Scout Tower |
| 12:49 | Scout Tower |
| 12:56 | Guard Tower |
| 13:04 | Farm |
| 13:07 | Guard Tower |
| 13:09 | Goblin Shredder |
| 13:15 | Farm |
| 13:16 | Farm |
| 13:20 | Guard Tower |
| 13:32 | Guard Tower |
| 13:34 | Scout Tower |
| 13:35 | Scout Tower |
| 14:03 | Farm |
| 14:12 | Scout Tower |
| 14:13 | Scout Tower |
| 14:30 | Guard Tower |
| 14:31 | Farm |
| 14:44 | Guard Tower |
| 14:47 | Scout Tower |
| 14:48 | Scout Tower |
| 14:51 | Guard Tower |
| 15:51 | Imbued Masonry |
| 16:26 | Scout Tower |
| 16:28 | Scout Tower |
| 16:29 | Scout Tower |
| 16:31 | Scout Tower |
| 16:59 | Guard Tower |
| 17:27 | Scout Tower |
| 17:31 | Scout Tower |
| 17:31 | Scout Tower |
| 17:44 | Scout Tower |
| 17:46 | Scout Tower |
| 17:46 | Scout Tower |
| 17:50 | Goblin Shredder |
| 17:58 | Farm |
| 18:05 | Guard Tower |
| 18:07 | Scout Tower |
| 18:10 | Scout Tower |
| 18:11 | Scout Tower |
| 18:11 | Scout Tower |
| 18:13 | Goblin Shredder |
| 18:28 | Guard Tower |
| 18:38 | Guard Tower |
| 18:40 | Scout Tower |
| 18:41 | Scout Tower |
| 18:41 | Guard Tower |
| 18:46 | Guard Tower |
| 18:50 | Scout Tower |
| 18:52 | Guard Tower |
| 18:54 | Scout Tower |
| 18:54 | Scout Tower |
| 18:56 | Scout Tower |
| 19:12 | Guard Tower |
| 19:22 | Guard Tower |
| 19:51 | Guard Tower |
| 19:53 | Town Hall |
| 20:06 | Scout Tower |
| 20:07 | Scout Tower |
| 20:07 | Scout Tower |
| 20:08 | Scout Tower |
| 20:09 | Scout Tower |
| 20:11 | Peasant |
| 20:11 | Peasant |
| 20:12 | Peasant |
| 20:59 | Brilliance Aura |
| 21:05 | Scout Tower |
| 21:05 | Scout Tower |
| 21:05 | Scout Tower |
| 21:06 | Scout Tower |
| 21:18 | Guard Tower |
| 21:20 | Scout Tower |
| 21:21 | Scout Tower |
| 21:22 | Scout Tower |
| 21:22 | Scout Tower |
| 21:24 | Scout Tower |
| 21:41 | Guard Tower |
| 21:42 | Scout Tower |
| 21:43 | Scout Tower |
| 21:44 | Scout Tower |
| 21:56 | Guard Tower |
| 22:04 | Goblin Shredder |
| 22:22 | Guard Tower |
| 22:25 | Guard Tower |
| 22:26 | Scout Tower |
| 22:28 | Scout Tower |
| 22:28 | Scout Tower |
| 22:33 | Goblin Shredder |
| 22:44 | Farm |
| 22:59 | Guard Tower |
| 23:00 | Guard Tower |
| 23:55 | Blizzard |
| 24:22 | Goblin Zeppelin |
| 24:37 | Farm |
| 27:05 | Scout Tower |
| 27:06 | Scout Tower |
| 27:06 | Scout Tower |
| 27:06 | Scout Tower |
| 27:07 | Scout Tower |
| 27:08 | Scout Tower |
| 27:08 | Scout Tower |
| 27:08 | Scout Tower |
| 27:25 | Peasant |
| 27:25 | Peasant |
| 27:37 | Peasant |
| 27:39 | Guard Tower |
| 28:08 | Arcane Vault |
| 28:10 | Arcane Vault |
| 28:21 | Goblin Shredder |
| 28:26 | Goblin Shredder |
| 29:48 | Goblin Sapper |
| 29:48 | Goblin Sapper |
| 29:48 | Goblin Sapper |
| 30:11 | Mass Teleport |
| 30:22 | Goblin Sapper |
| 30:22 | Goblin Sapper |
| 30:22 | Goblin Sapper |
| 30:46 | Goblin Zeppelin |
| 31:05 | Arcane Sanctum |
| Right click | 1636 |
| Select | 853 |
| Build/train/purchase | 197 |
| Chat | 132 |
| Select group | 121 |
| Assign group | 105 |
| Use ability | 69 |
| Misc. action | 5 |
| Minimap ping | 5 |
| Item give/drop | 4 |



| Staff of Sanctuary | 4 | 1000 |
| Dust of Appearance | 1 | 75 |
| Staff of Teleportation | 4 | 600 |
| Boots of Speed | 3 | 750 |
| Potion of Invisibility | 1 | 100 |
| Periapt of Vitality | 1 | 325 |
| Circlet of Nobility | 1 | 175 |
| Orb of Venom | 2 | 650 |
| total: | 17 | 3675g |
| Peasant | 14 | 1050 | / | 0 |
| Priest | 1 | 135 | / | 10 |
| Sorceress | 1 | 155 | / | 20 |
| total: | 16 | 1340g | / | 30w |
| Scout Tower | 52 | 1560 | / | 1040 |
| Arcane Tower | 3 | 210 | / | 150 |
| Guard Tower | 31 | 2170 | / | 1550 |
| Altar of Kings | 1 | 180 | / | 50 |
| Farm | 4 | 320 | / | 80 |
| Lumber Mill | 1 | 120 | / | 0 |
| Arcane Vault | 2 | 260 | / | 60 |
| Town Hall | 1 | 385 | / | 205 |
| Arcane Sanctum | 1 | 150 | / | 140 |
| Keep | 1 | 320 | / | 210 |
| Castle | 1 | 360 | / | 210 |
| total: | 62 | 2975g | / | 1575w |
| 0:03 | Peasant |
| 0:05 | Peasant |
| 0:09 | Altar of Kings |
| 0:14 | Peasant |
| 0:19 | Farm |
| 0:24 | Peasant |
| 0:29 | Peasant |
| 0:30 | Scout Tower |
| 0:53 | Peasant |
| 1:02 | Lumber Mill |
| 1:05 | Peasant |
| 1:21 | Farm |
| 1:28 | Peasant |
| 1:39 | Arcane Tower |
| 1:46 | Peasant |
| 1:55 | Scout Tower |
| 1:55 | Scout Tower |
| 1:57 | Peasant |
| 2:23 | Guard Tower |
| 2:23 | Guard Tower |
| 2:28 | Scout Tower |
| 2:31 | Scout Tower |
| 2:32 | Blizzard |
| 2:54 | Guard Tower |
| 2:56 | Scout Tower |
| 2:57 | Guard Tower |
| 2:58 | Scout Tower |
| 3:05 | Peasant |
| 3:06 | Peasant |
| 3:06 | Peasant |
| 3:06 | Peasant |
| 3:35 | Guard Tower |
| 3:35 | Guard Tower |
| 3:56 | Keep |
| 3:58 | Staff of Teleportation |
| 3:58 | Boots of Speed |
| 4:09 | Arcane Vault |
| 4:29 | Scout Tower |
| 4:30 | Scout Tower |
| 4:33 | Scout Tower |
| 4:34 | Scout Tower |
| 5:26 | Brilliance Aura |
| 5:35 | Arcane Tower |
| 5:35 | Guard Tower |
| 5:36 | Guard Tower |
| 5:41 | Scout Tower |
| 5:42 | Scout Tower |
| 5:44 | Scout Tower |
| 5:45 | Scout Tower |
| 6:22 | Farm |
| 6:22 | Farm |
| 6:22 | Improved Lumber Harvesting |
| 6:23 | Improved Masonry |
| 6:26 | Guard Tower |
| 6:48 | Castle |
| 6:52 | Guard Tower |
| 6:54 | Arcane Vault |
| 6:57 | Scout Tower |
| 6:57 | Scout Tower |
| 6:58 | Scout Tower |
| 6:58 | Scout Tower |
| 7:56 | Arcane Sanctum |
| 8:00 | Advanced Masonry |
| 8:03 | Guard Tower |
| 8:07 | Storm Bolt |
| 8:23 | Guard Tower |
| 8:25 | Scout Tower |
| 8:26 | Scout Tower |
| 8:27 | Scout Tower |
| 8:27 | Scout Tower |
| 8:51 | Guard Tower |
| 8:53 | Scout Tower |
| 8:54 | Scout Tower |
| 9:05 | Staff of Teleportation |
| 9:17 | Boots of Speed |
| 10:00 | Town Hall |
| 10:03 | Scout Tower |
| 10:04 | Scout Tower |
| 10:04 | Scout Tower |
| 10:05 | Scout Tower |
| 10:06 | Scout Tower |
| 11:11 | Guard Tower |
| 11:17 | Arcane Tower |
| 11:18 | Guard Tower |
| 11:41 | Guard Tower |
| 11:45 | Scout Tower |
| 11:51 | Guard Tower |
| 11:51 | Guard Tower |
| 11:52 | Magic Sentry |
| 12:00 | Priest |
| 12:15 | Staff of Sanctuary |
| 12:18 | Holy Light |
| 12:30 | Staff of Sanctuary |
| 12:30 | Staff of Sanctuary |
| 12:36 | Guard Tower |
| 12:38 | Guard Tower |
| 13:01 | Potion of Invisibility |
| 13:03 | Dust of Appearance |
| 13:06 | Boots of Speed |
| 13:06 | Staff of Teleportation |
| 13:08 | Staff of Teleportation |
| 13:26 | Periapt of Vitality |
| 13:32 | Circlet of Nobility |
| 15:02 | Guard Tower |
| 15:16 | Staff of Sanctuary |
| 15:27 | Imbued Masonry |
| 15:28 | Sorceress Adept Training |
| 15:28 | Sorceress |
| 15:28 | Priest Adept Training |
| 16:14 | Blizzard |
| 16:14 | Blizzard |
| 16:25 | Bash |
| 18:06 | Orb of Venom |
| 18:30 | Orb of Venom |
| 19:47 | Divine Shield |
| 21:42 | Storm Bolt |
| 22:52 | Holy Light |
| 24:41 | Scout Tower |
| 24:42 | Scout Tower |
| 24:42 | Scout Tower |
| 24:42 | Scout Tower |
| 24:43 | Scout Tower |
| 24:43 | Scout Tower |
| 24:44 | Scout Tower |
| 24:45 | Scout Tower |
| 24:45 | Scout Tower |
| 24:46 | Scout Tower |
| 24:47 | Scout Tower |
| 24:47 | Scout Tower |
| 24:47 | Scout Tower |
| 24:48 | Scout Tower |
| 24:48 | Scout Tower |
| 24:48 | Scout Tower |
| 24:49 | Scout Tower |
| 24:50 | Scout Tower |
| 24:50 | Scout Tower |
| 24:50 | Scout Tower |
| 24:51 | Scout Tower |
| 26:04 | Brilliance Aura |
| 28:34 | Guard Tower |
| Right click | 3171 |
| Select group | 836 |
| Select | 784 |
| Chat | 433 |
| Build/train/purchase | 157 |
| Use ability | 118 |
| Assign group | 13 |
| Item give/drop | 13 |
| Minimap ping | 6 |
| Misc. action | 5 |
| Remove unit | 2 |
137 units @ 22.2k
/ 3.4k
65 buildings @ 8k
/ 3.3k


| Scroll of Regeneration | 2 | 200 |
| Lesser Clarity Potion | 2 | 140 |
| Staff of Sanctuary | 1 | 250 |
| Orb of Fire | 1 | 325 |
| Potion of Healing | 1 | 150 |
| Potion of Mana | 4 | 800 |
| Scroll of Healing | 1 | 250 |
| Scroll of Town Portal | 3 | 1050 |
| total: | 15 | 3165g |
| Peasant | 26 | 1950 | / | 0 |
| Footman | 9 | 1215 | / | 0 |
| Dragonhawk Rider | 2 | 400 | / | 60 |
| Gryphon Rider | 11 | 3080 | / | 770 |
| total: | 48 | 6645g | / | 830w |
| Scout Tower | 5 | 150 | / | 100 |
| Guard Tower | 2 | 140 | / | 100 |
| Altar of Kings | 1 | 180 | / | 50 |
| Farm | 12 | 960 | / | 240 |
| Barracks | 1 | 160 | / | 60 |
| Arcane Vault | 1 | 130 | / | 30 |
| Town Hall | 2 | 770 | / | 410 |
| Blacksmith | 1 | 140 | / | 60 |
| Lumber Mill | 1 | 120 | / | 0 |
| Gryphon Aviary | 3 | 420 | / | 450 |
| Keep | 1 | 320 | / | 210 |
| Castle | 1 | 360 | / | 210 |
| total: | 27 | 3030g | / | 1400w |
| 0:02 | Peasant |
| 0:04 | Altar of Kings |
| 0:12 | Peasant |
| 0:18 | Farm |
| 0:20 | Barracks |
| 0:24 | Peasant |
| 0:45 | Peasant |
| 0:48 | Farm |
| 1:07 | Peasant |
| 1:20 | Peasant |
| 1:22 | Footman |
| 1:25 | Farm |
| 1:36 | Peasant |
| 1:46 | Footman |
| 2:03 | Footman |
| 2:06 | Storm Bolt |
| 2:15 | Peasant |
| 2:30 | Footman |
| 2:46 | Footman |
| 3:01 | Peasant |
| 3:04 | Peasant |
| 3:17 | Arcane Vault |
| 3:45 | Town Hall |
| 3:56 | Farm |
| 3:58 | Farm |
| 4:01 | Bash |
| 4:17 | Defend |
| 4:24 | Scroll of Regeneration |
| 4:24 | Lesser Clarity Potion |
| 4:33 | Peasant |
| 4:34 | Footman |
| 5:03 | Footman |
| 5:12 | Farm |
| 5:58 | Footman |
| 6:00 | Blacksmith |
| 6:13 | Storm Bolt |
| 6:28 | Footman |
| 7:30 | Iron Plating |
| 8:00 | Keep |
| 8:04 | Iron Forged Swords |
| 8:04 | Studded Leather Armor |
| 8:12 | Peasant |
| 8:12 | Peasant |
| 9:38 | Lumber Mill |
| 9:47 | Farm |
| 9:47 | Farm |
| 9:47 | Farm |
| 10:07 | Scroll of Healing |
| 10:33 | Castle |
| 10:34 | Steel Forged Swords |
| 10:34 | Reinforced Leather Armor |
| 11:31 | Gryphon Aviary |
| 11:32 | Gryphon Aviary |
| 11:33 | Gryphon Aviary |
| 11:51 | Peasant |
| 11:51 | Peasant |
| 11:57 | Scout Tower |
| 11:58 | Scout Tower |
| 11:59 | Scout Tower |
| 11:59 | Scout Tower |
| 12:00 | Scout Tower |
| 12:37 | Improved Lumber Harvesting |
| 13:02 | Dragonhawk Rider |
| 13:06 | Gryphon Rider |
| 13:10 | Lesser Clarity Potion |
| 13:26 | Holy Light |
| 13:28 | Staff of Sanctuary |
| 13:28 | Orb of Fire |
| 13:29 | Scroll of Town Portal |
| 13:29 | Potion of Healing |
| 13:29 | Potion of Mana |
| 13:32 | Scroll of Regeneration |
| 13:35 | Guard Tower |
| 13:39 | Gryphon Rider |
| 14:01 | Peasant |
| 14:01 | Peasant |
| 14:01 | Peasant |
| 14:04 | Farm |
| 14:04 | Farm |
| 14:04 | Farm |
| 14:30 | Guard Tower |
| 15:05 | Storm Hammers |
| 15:25 | Dragonhawk Rider |
| 15:26 | Cloud |
| 15:53 | Gryphon Rider |
| 15:54 | Gryphon Rider |
| 16:38 | Gryphon Rider |
| 16:40 | Black Gunpowder |
| 16:52 | Dragonhide Armor |
| 17:47 | Gryphon Rider |
| 17:51 | Peasant |
| 17:51 | Peasant |
| 17:57 | Mithril Forged Swords |
| 18:33 | Scroll of Town Portal |
| 18:34 | Potion of Mana |
| 19:26 | Gryphon Rider |
| 20:45 | Devotion Aura |
| 21:15 | Bash |
| 21:24 | Gryphon Rider |
| 23:10 | Potion of Mana |
| 23:13 | Scroll of Town Portal |
| 23:48 | Peasant |
| 23:48 | Peasant |
| 24:45 | Potion of Mana |
| 24:54 | Gryphon Rider |
| 25:15 | Town Hall |
| 26:49 | Gryphon Rider |
| 27:11 | Holy Light |
| 27:39 | Chain Lighting |
| 28:39 | Peasant |
| 28:39 | Peasant |
| 28:39 | Peasant |
| 28:40 | Peasant |
| 31:40 | Gryphon Rider |
| Right click | 2127 |
| Select group | 806 |
| Select | 415 |
| Chat | 193 |
| Build/train/purchase | 100 |
| Use ability | 66 |
| Assign group | 45 |
| Minimap ping | 19 |
| Resource trade | 14 |
| Remove unit | 9 |

| Peasant | 14 | 1050 | / | 0 |
| Footman | 4 | 540 | / | 0 |
| Rifleman | 11 | 2255 | / | 330 |
| Mortar Team | 8 | 1440 | / | 560 |
| Priest | 2 | 270 | / | 20 |
| Sorceress | 2 | 310 | / | 40 |
| Gryphon Rider | 7 | 1960 | / | 490 |
| Knight | 7 | 1715 | / | 420 |
| Goblin Zeppelin | 3 | 720 | / | 180 |
| total: | 58 | 10260g | / | 2040w |
| Altar of Kings | 1 | 180 | / | 50 |
| Farm | 17 | 1360 | / | 340 |
| Barracks | 1 | 160 | / | 60 |
| Lumber Mill | 2 | 240 | / | 0 |
| Blacksmith | 1 | 140 | / | 60 |
| Arcane Sanctum | 1 | 150 | / | 140 |
| Workshop | 1 | 140 | / | 140 |
| Gryphon Aviary | 1 | 140 | / | 150 |
| Keep | 1 | 320 | / | 210 |
| Castle | 1 | 360 | / | 210 |
| total: | 25 | 2510g | / | 940w |
| 0:04 | Peasant |
| 0:04 | Peasant |
| 0:05 | Peasant |
| 0:10 | Altar of Kings |
| 0:17 | Farm |
| 0:26 | Barracks |
| 0:51 | Peasant |
| 0:51 | Peasant |
| 0:51 | Peasant |
| 1:04 | Farm |
| 1:21 | Lumber Mill |
| 1:33 | Lumber Mill |
| 1:43 | Footman |
| 1:43 | Footman |
| 2:12 | Summon Water Elemental |
| 3:07 | Footman |
| 3:07 | Footman |
| 3:10 | Blacksmith |
| 3:47 | Peasant |
| 3:47 | Peasant |
| 3:47 | Peasant |
| 4:23 | Rifleman |
| 4:23 | Rifleman |
| 4:24 | Rifleman |
| 4:24 | Rifleman |
| 5:01 | Keep |
| 5:07 | Farm |
| 6:45 | Farm |
| 6:47 | Rifleman |
| 6:47 | Rifleman |
| 7:35 | Peasant |
| 7:35 | Peasant |
| 7:35 | Peasant |
| 8:16 | Arcane Sanctum |
| 8:19 | Workshop |
| 9:19 | Blizzard |
| 9:32 | Improved Lumber Harvesting |
| 9:39 | Farm |
| 9:42 | Farm |
| 10:16 | Farm |
| 10:19 | Farm |
| 11:36 | Mortar Team |
| 11:36 | Mortar Team |
| 11:36 | Mortar Team |
| 11:36 | Mortar Team |
| 11:41 | Farm |
| 11:52 | Farm |
| 11:56 | Farm |
| 12:02 | Farm |
| 12:17 | Priest |
| 12:17 | Priest |
| 12:17 | Sorceress |
| 12:17 | Sorceress |
| 12:27 | Peasant |
| 12:27 | Peasant |
| 12:45 | Gryphon Aviary |
| 14:07 | Castle |
| 16:03 | Rifleman |
| 16:03 | Rifleman |
| 16:03 | Rifleman |
| 18:18 | Farm |
| 18:32 | Farm |
| 19:20 | Goblin Zeppelin |
| 19:52 | Goblin Zeppelin |
| 21:39 | Gryphon Rider |
| 21:39 | Gryphon Rider |
| 21:39 | Gryphon Rider |
| 21:39 | Gryphon Rider |
| 21:40 | Gryphon Rider |
| 21:40 | Gryphon Rider |
| 21:40 | Gryphon Rider |
| 22:30 | Mortar Team |
| 22:30 | Mortar Team |
| 22:30 | Mortar Team |
| 22:30 | Mortar Team |
| 22:35 | Rifleman |
| 22:35 | Rifleman |
| 22:35 | Knight |
| 22:35 | Knight |
| 22:43 | Farm |
| 24:03 | Goblin Zeppelin |
| 25:51 | Farm |
| 25:54 | Farm |
| 26:55 | Brilliance Aura |
| 27:00 | Knight |
| 27:00 | Knight |
| 27:03 | Knight |
| 27:03 | Knight |
| 27:03 | Knight |
| Right click | 1799 |
| Select | 342 |
| Chat | 295 |
| Build/train/purchase | 73 |
| Select group | 65 |
| Misc. action | 13 |
| Assign group | 10 |
| Use ability | 9 |
| Minimap ping | 8 |
| Remove unit | 2 |

| Healing Salve | 2 | 200 |
| Lesser Clarity Potion | 1 | 70 |
| total: | 3 | 270g |
| Peon | 7 | 525 | / | 0 |
| Grunt | 12 | 2400 | / | 0 |
| Demolisher | 8 | 1760 | / | 400 |
| Troll Batrider | 4 | 640 | / | 160 |
| total: | 31 | 5325g | / | 560w |
| Watch Tower | 2 | 220 | / | 160 |
| Altar of Storms | 1 | 180 | / | 50 |
| Orc Burrow | 4 | 640 | / | 160 |
| Barracks | 1 | 180 | / | 50 |
| Voodoo Lounge | 1 | 130 | / | 30 |
| Great Hall | 2 | 770 | / | 370 |
| War Mill | 1 | 205 | / | 0 |
| Beastiary | 1 | 145 | / | 140 |
| Stronghold | 1 | 315 | / | 190 |
| Fortress | 1 | 325 | / | 190 |
| total: | 13 | 2470g | / | 960w |
| 0:02 | Peon |
| 0:10 | Altar of Storms |
| 0:13 | Peon |
| 0:17 | Orc Burrow |
| 0:23 | Peon |
| 0:39 | Barracks |
| 0:48 | Peon |
| 1:34 | Orc Burrow |
| 1:41 | Grunt |
| 1:58 | Voodoo Lounge |
| 2:02 | Grunt |
| 2:11 | Feral Spirit |
| 2:29 | Orc Burrow |
| 3:10 | Healing Salve |
| 3:27 | Grunt |
| 3:57 | Grunt |
| 4:04 | Peon |
| 4:48 | Peon |
| 4:50 | Grunt |
| 5:30 | Chain Lighting |
| 5:51 | Grunt |
| 6:00 | Grunt |
| 6:10 | Orc Burrow |
| 6:49 | Grunt |
| 7:14 | Grunt |
| 8:18 | Grunt |
| 9:26 | Grunt |
| 9:52 | Stronghold |
| 9:57 | Lesser Clarity Potion |
| 10:27 | Feral Spirit |
| 10:47 | Great Hall |
| 11:31 | Grunt |
| 11:49 | Healing Salve |
| 12:31 | War Mill |
| 14:02 | Demolisher |
| 14:03 | Demolisher |
| 14:24 | Beastiary |
| 14:29 | Steel Armor |
| 14:38 | Watch Tower |
| 16:26 | Peon |
| 18:30 | Great Hall |
| 18:44 | Spiked Barricades |
| 18:51 | Troll Batrider |
| 18:54 | Fortress |
| 19:15 | Watch Tower |
| 19:57 | Improved Spiked Barricades |
| 20:50 | Demolisher |
| 21:11 | Troll Batrider |
| 21:26 | Demolisher |
| 21:56 | Liquid Fire |
| 22:20 | Troll Batrider |
| 22:36 | Demolisher |
| 23:13 | Demolisher |
| 24:16 | Troll Batrider |
| 26:36 | Demolisher |
| 26:38 | Burning Oil |
| 27:00 | Demolisher |
| Right click | 900 |
| Select | 285 |
| Select group | 83 |
| Misc. action | 66 |
| Build/train/purchase | 58 |
| Chat | 46 |
| Use ability | 19 |
| Assign group | 11 |
| Minimap ping | 8 |
| Resource trade | 6 |
| Remove unit | 1 |
⇛